 Dungeon Crawl Stone Soup version 0.23.2-33-g5129a83184 (webtiles) character file.

Game seed: 11036396727094260370

4627 Folque the Destroyer (level 10, -3/71 HPs)
             Began as a Demigod Conjurer on July 13, 2019.
             Shot with a sling bullet by Joseph (7 damage)
             ... on level 7 of the Dungeon.
             The game lasted 00:23:40 (7433 turns).

Folque the Destroyer (Demigod Conjurer)             Turns: 7433, Time: 00:23:40

Health: -3/71      AC: 10    Str: 18    XL:     10   Next: 0%
Magic:  17/17      EV: 12    Int: 27    God:
Gold:   476        SH:  0    Dex: 16    Spells: 5/15 levels left

rFire    . . .     SeeInvis +   l - +2 short sword (venom)
rCold    . . .     Gourm    .   (no shield)
rNeg     . . .     Faith    .   E - +0 ring mail
rPois    .         Spirit   .   m - +1 hat {SInv}
rElec    .         Reflect  .   C - +0 cloak
rCorr    .         Harm     .   y - +0 pair of gloves
MR       +....                  (no boots)
Stlth    +.........             (no amulet)
HPRegen  0.21/turn              e - +4 ring of intelligence
MPRegen  0.15/turn              (no ring)

@: mighty, marked
A: high mp 1
a: no special abilities


You were on level 7 of the Dungeon.
You were hungry.

You visited 2 branches of the dungeon, and saw 9 of its levels.
You also visited: Ossuary.

You collected 476 gold pieces.

Inventory:

Hand Weapons
 g - a +0 club
 k - a +0 dagger
 l - a +2 short sword of venom (weapon)
 s - a +0 long sword
Missiles
 w - 10 tomahawks (quivered)
Armour
 a - a +0 robe
 m - a +1 hat of see invisible (worn)
 y - a +0 pair of gloves (worn)
 C - a +0 cloak (worn)
 E - a +0 ring mail (worn)
 I - a +0 cloak
Jewellery
 e - a +4 ring of intelligence (left hand)
 q - a cursed +3 ring of protection {unknown}
 z - an uncursed amulet of harm {unknown}
 L - a cursed ring of attention {unknown}
Wands
 G - a wand of flame (4)
 J - a wand of polymorph (8)
Scrolls
 b - 3 scrolls of random uselessness {unknown}
 d - 5 scrolls of teleportation
 f - 2 scrolls of magic mapping {unknown}
 i - a scroll of noise {unknown}
 j - 3 scrolls of amnesia {unknown}
 n - a scroll of blinking {unknown}
 t - 10 scrolls of identify
 u - 2 scrolls of enchant armour {unknown}
 v - 5 scrolls of remove curse
 A - 2 scrolls of enchant weapon {unknown}
 F - a scroll of immolation {unknown}
 H - 2 scrolls of fog {unknown}
Potions
 h - 2 potions of magic
 r - 4 potions of might
 B - 2 potions of brilliance {unknown}
 D - a potion of flight {unknown}
 K - 3 potions of mutation {unknown}
Comestibles
 c - 16 rations
 o - 4 chunks of flesh


   Skills:
 - Level 1.3 Fighting
 * Level 6.6 Armour
 - Level 3.0 Dodging
 - Level 1.7 Stealth
 - Level 3.0 Spellcasting
 * Level 8.8 Conjurations
 + Level 7.9 Hexes


You had 5 spell levels left.
You knew the following spells:

 Your Spells              Type           Power        Failure   Level  Hunger
a - Magic Dart            Conj           ####         1%          1    None
b - Searing Ray           Conj           ######       1%          2    #......
c - Dazzling Spray        Conj/Hex       #####.       1%          3    ###....
d - Fulminant Prism       Conj/Hex       #####.....   4%          4    ####...

Your spell library contained the following spells:

 Spells                   Type           Power        Failure   Level  Hunger
 Shock                    Conj/Air       ####         2%          1    None
 Iskenderun's Mystic Bla  Conj           ######..     4%          4    ####...
 Static Discharge         Conj/Air       ####....     8%          3    ###....
 Swiftness                Chrm/Air       #.......     22%         2    #......
 Force Lance              Conj/Tloc      ####....     24%         4    ####...
 Lightning Bolt           Conj/Air       ####......   56%         5    ######.
 Airstrike                Air            #.........   82%         4    ####...


Dungeon Overview and Level Annotations

Branches:
Dungeon (8/15)             Temple (1/1) D:4
   Lair: D:8-11

Shops:
D:5 *

Annotations:
D:7 Joseph


Innate Abilities, Weirdness & Mutations

You have an increased reservoir of magic. (+10% MP)


Message History

a +0 halberd; a +0 chain mail; the human corpse of Harold You butcher the human corpse of Harold.
o - 4 chunks of flesh (gained 3)
Things that are here:
a +0 halberd; a +0 chain mail; the human skeleton of Harold Your magical contamination has completely faded away.
w - 10 tomahawks (gained 1) Joseph shoots a sling bullet.
The sling bullet hits you.
* * * LOW HITPOINT WARNING * * *
You see here a sling bullet.
Joseph shoots a sling bullet.
The sling bullet closely misses you.
Joseph shoots a sling bullet.
The sling bullet closely misses you.
Things that are here:
a +0 halberd; a +0 chain mail; the human skeleton of Harold Joseph shoots a sling bullet.
The sling bullet closely misses you.
There is a stone staircase leading up, spattered with blood here.
You see here a sling bullet.
Joseph says, "I'm happy to see you. And I'll be happy to kill you."
Joseph shoots a sling bullet.
The sling bullet hits you!
You die...

#.... ### #....
#.####....
##.........
#.........<
########..........
###....#...........#
#...(.............##
#..@.)...(.........#
#.....#...........##
##.#####..@.......##
### ##.##.......##
#..#.........#
#######....@....#..#
#.##.(..[.รท.....#...
##.#...(###......##..
#........##..........


You could see Joseph.

Vanquished Creatures
  Harold (D:7)
  Erica (D:8)
  A hornet (D:7)
  A hippogriff (D:7)
  Menkaure (D:7)
  4 sky beasts
  An orc warrior (D:7)
  A phantom (D:6)
  An ogre (D:4)
  2 centaurs (D:7)
  An elf zombie (Ossuary)
  4 bullfrogs
  4 scorpions
  5 killer bees (D:7)
  5 wights (D:8)
  A howler monkey (D:4)
  Crazy Yiuf (D:6)
  4 crimson imps (D:5)
  A centaur zombie (Ossuary)
  2 hounds (D:8)
  3 human zombies (Ossuary)
  2 jellies
  2 orc priests
  An orc wizard (D:7)
  A bullfrog skeleton (D:4)
  A centaur skeleton (D:6)
  3 iguanas
  3 worker ants
  A killer bee zombie (D:7)
  A big kobold zombie (Ossuary)
  2 hound zombies
  2 mummies (Ossuary)
  A worker ant zombie (D:4)
  4 adders
  4 shadow imps
  3 adder zombies
  2 worms
  A dart slug (D:5)
  17 orcs
  2 bats
  A giant cockroach (D:4)
  5 goblins
  10 hobgoblins
  18 jackals
  3 kobolds
  4 quokkas
  6 frilled lizards
  2 goblin zombies (Ossuary)
  6 hobgoblin zombies (Ossuary)
  11 kobold zombies (Ossuary)
  A leopard gecko zombie (D:8)
  9 orc zombies (Ossuary)
  7 rats
  A rat zombie (Ossuary)
182 creatures vanquished.

Vanquished Creatures (others)
  14 fulminant prisms
14 creatures vanquished.

Grand Total: 196 creatures vanquished

Notes
Turn   | Place    | Note
-------+----------+-------------------------------------------
     0 | D:1      | Folque the Demigod Conjurer began the quest for the Orb.
     0 | D:1      | Reached XP level 1. HP: 14/14 MP: 5/5
   657 | D:1      | Reached XP level 2. HP: 16/22 MP: 7/7
   802 | D:1      | Learned a level 2 spell: Searing Ray
  1089 | D:1      | Reached skill level 4 in Conjurations
  1483 | D:2      | Found a faded altar of an unknown god.
  1732 | D:2      | Reached skill level 1 in Fighting
  2028 | D:3      | Reached XP level 3. HP: 27/28 MP: 2/9
  2088 | D:3      | Noticed a black bear
  2412 | D:3      | Learned a level 3 spell: Dazzling Spray
  2709 | D:4      | Found a sand-covered staircase.
  2714 | Ossuary  | Entered an ossuary
  3092 | Ossuary  | Reached XP level 4. HP: 35/35 MP: 5/11
  3141 | Ossuary  | Reached skill level 1 in Hexes
  3169 | Ossuary  | Reached XP level 5. HP: 10/40 MP: 2/12
  3658 | Ossuary  | Reached XP level 6. HP: 47/47 MP: 9/13
  3668 | Ossuary  | Reached skill level 5 in Conjurations
  3804 | D:4      | Learned a level 4 spell: Fulminant Prism
  4080 | D:4      | Reached XP level 7. HP: 52/52 MP: 7/14
  4082 | D:4      | Found a staircase to the Ecumenical Temple.
  4093 | Temple   | Entered the Ecumenical Temple
  4417 | D:5      | Entered Level 5 of the Dungeon
  4452 | D:5      | Reached skill level 5 in Hexes
  4631 | D:5      | Reached skill level 6 in Conjurations
  4639 | D:5      | Found a basalt altar of Yredelemnul.
  4640 | D:5      | Found a snail-covered altar of Cheibriados.
  4738 | D:5      | You fall through a shaft!
  4869 | D:6      | Reached XP level 8. HP: 59/59 MP: 3/15
  4961 | D:5      | Found a radiant altar of Vehumet.
  5033 | D:5      | Found an opulent altar of Gozag.
  5035 | D:5      | Found Gozag's Platinum Reserve.
  5283 | D:6      | Reached skill level 1 in Armour
  5407 | D:6      | Found an iron altar of Okawaru.
  5581 | D:6      | Found a runed translucent door.
  5582 | D:6      | Noticed Crazy Yiuf
  5589 | D:6      | Killed Crazy Yiuf
  5759 | D:7      | Noticed a hornet
  5770 | D:7      | Killed a hornet
  5859 | D:7      | Noticed Menkaure
  5864 | D:7      | Killed Menkaure
  5977 | D:7      | Noticed a hippogriff
  5988 | D:7      | Killed a hippogriff
  5988 | D:7      | Reached skill level 7 in Conjurations
  6188 | D:7      | Reached XP level 9. HP: 26/64 MP: 12/16
  6509 | D:7      | Noticed Joseph
  6514 | D:7      | Reached skill level 5 in Armour
  6538 | D:7      | Noticed Harold
  6982 | D:8      | Noticed Erica
  6990 | D:8      | Reached skill level 8 in Conjurations
  7104 | D:8      | Killed Erica
  7124 | D:8      | Noticed a two-headed ogre
  7415 | D:7      | Killed Harold
  7415 | D:7      | Reached XP level 10. HP: 5/71 MP: 14/17
  7426 | D:7      | HP: 2/71 [Joseph/sling bullet (5)]
  7433 | D:7      | Shot with a sling bullet by Joseph

Skill      XL: |  1  2  3  4  5  6  7  8  9 |
---------------+----------------------------+-----
Spellcasting   | 2 3 |  3.0
Conjurations   | 4 5 6 7 8 |  8.8
Fighting       | 1 |  1.3
Hexes          | 1 3 4 6 7 |  7.9
Dodging        | 2 3 |  3.0
Armour         | 4 6 |  6.6
Stealth        | |  1.7

Action                   |  1- 3 |  4- 6 |  7- 9 | 10-12 || total
-------------------------+-------+-------+-------+-------++-------
Melee: Club              |    58 |       |       |       ||    58
       Unarmed           |     9 |       |       |       ||     9
       Dagger            |     7 |       |       |       ||     7
       Short sword       |    64 |    96 |    87 |       ||   247
Throw: Tomahawk          |       |       |     2 |       ||     2
 Cast: Magic Dart        |    17 |     4 |     8 |       ||    29
       Searing Ray       |    13 |    17 |    46 |     1 ||    77
       Dazzling Spray    |       |     1 |     2 |       ||     3
       Fulminant Prism   |       |       |    14 |       ||    14
Evoke: Wand              |       |       |     6 |       ||     6
  Use: Scroll            |     5 |     2 |     1 |       ||     8
       Potion            |       |       |    10 |       ||    10
 Stab: Sleeping          |     6 |     4 |     1 |       ||    11
       Invisible         |       |       |     1 |       ||     1
  Eat: Chunk             |     6 |     2 |    13 |       ||    21
       Ration            |       |     1 |       |       ||     1
Armor: Robe              |    22 |    25 |    21 |       ||    68
       Ring mail         |       |       |    52 |       ||    52
Dodge: Dodged            |    86 |    60 |   142 |     3 ||   291
